 Dungeon Crawl Stone Soup version 0.26-b1-32-g5d43845318 (webtiles) character file.

Game seed: 490530257537021950

191 Borgoz the Slasher (level 5, 0/45 HPs)
             Began as a Ghoul Gladiator on Jan 13, 2021.
             Was an Initiate of Makhleb.
             Slain by an orc
             ... wielding a +0 falchion
              (2 damage)
             ... on level 4 of the Dungeon.
             The game lasted 00:02:45 (3014 turns).

Borgoz the Slasher (Ghoul Gladiator)                Turns: 3014, Time: 00:02:46

Health: 0/45       AC:  6    Str: 24    XL:     5   Next: 70%
Magic:  4/4        EV: 12    Int:  3    God:    Makhleb [......]
Gold:   82         SH:  0    Dex: 11    Spells: 4/4 levels left

rFire    . . .     SeeInvis .   a - +0 long sword
rCold    + . .     Faith    .   (no shield)
rNeg     + + +     Spirit   .   h - +0 ring mail
rPois    ∞         Reflect  .   c - +0 helmet
rElec    .         Harm     .   (no cloak)
rCorr    .         Rampage  .   (no gloves)
Will     .....                  (no boots)
Stlth    +.........             (no amulet)
HPRegen  0.00/turn              i - +6 ring of strength
MPRegen  0.09/turn              (no ring)

@: brilliant
A: claws 1, cold resistance 1, negative energy resistance 3, inhibited
regeneration, torment resistance, unbreathing
a: Renounce Religion


You were on level 4 of the Dungeon.
You worshipped Makhleb.
Makhleb was noncommittal.
You visited 2 branches of the dungeon, and saw 5 of its levels.

You collected 82 gold pieces.

Inventory:

Hand Weapons
 a - a +0 long sword (weapon)
Missiles
 d - 3 throwing nets (quivered)
Armour
 c - a +0 helmet (worn)
 h - a +0 ring mail (worn)
Jewellery
 b - an uncursed ring of ice
 i - a +6 ring of strength (left claw)
Wands
 q - a wand of iceblast (8)
 r - a wand of random effects (13)
Scrolls
 e - 5 scrolls of identify {unknown}
 g - 3 scrolls of fog {unknown}
 k - a scroll of blinking {unknown}
 l - 2 scrolls of teleportation {unknown}
 m - a scroll of remove curse {unknown}
Potions
 f - a potion of attraction {unknown}
 j - a potion of might {unknown}
 n - a potion of flight {unknown}
 o - a potion of heal wounds {unknown}
 p - 2 potions of mutation {unknown}
 s - a potion of brilliance


   Skills:
 + Level 3.0 Fighting
 * Level 3.9 Long Blades
 - Level 1.7 Throwing
 * Level 2.3 Armour
 * Level 3.6 Dodging


You had 4 spell levels left.
You didn't know any spells.
Your spell library was empty.

Dungeon Overview and Level Annotations

Branches:
Dungeon (4/15)             Temple (1/1) D:4

Altars:
Ashenzari
Cheibriados
Dithmenos
Elyvilon
Fedhas
Gozag
Hepliaklqana
Kikubaaqudgha
Makhleb
Nemelex Xobeh
Okawaru
Qazlal
Ru
Sif Muna
Trog
Uskayaw
Wu Jian
Xom
Yredelemnul
Zin
The Shining One


Innate Abilities, Weirdness & Mutations

You thrive by killing the living.
You are immune to poison.
You have sharp fingernails.
Your flesh is cold resistant. (rC+)
You are immune to negative energy. (rN+++)
You do not regenerate when monsters are visible.
You are immune to unholy pain and torment.
You can survive without breathing.


Message History

The orc wizard hits you but does no damage.
The orc hits you with a +0 falchion.
* * * LOW HITPOINT WARNING * * *
You hit the orc priest.
The orc priest is almost dead.
The orc wizard hits you but does no damage.
The orc priest hits you with a +0 hand axe.
* * * LOW HITPOINT WARNING * * *
The orc wizard points at you and mumbles some strange words.
The magic dart hits you.
* * * LOW HITPOINT WARNING * * *
The orc wizard hits you but does no damage.
The orc hits you with a +0 falchion.
* * * LOW HITPOINT WARNING * * *
The orc priest hits you but does no damage.
It was a potion of brilliance.
You feel clever all of a sudden.
The orc wizard hits you but does no damage.
The orc wizard barely misses you. The orc hits you with a +0 falchion.
You die...

##......
####.........
##............
###.............
#................
#........#...##..
#.....ooo....#...
#..@o..#..... ..
##.#..##..... ...
###......... ...
#####......# .. ...
#...#.....## #.###.
#........## #.....
##.......##<###.....
####...............
#...##..........


You could see an orc priest, 2 orc wizards and an orc.

Vanquished Creatures
  A hound (D:4)
  Robin (D:3)
  3 adders
  A gnoll (D:1)
  An ooze (D:1)
  An ufetubus (D:3)
  A worm (D:2)
  2 dart slugs
  3 leopard geckos
  6 orcs
  A giant cockroach (D:3)
  16 goblins
  8 hobgoblins
  8 jackals
  A quokka (D:2)
  6 bats
  6 frilled lizards
  10 kobolds
  12 rats
88 creatures vanquished.

Notes
Turn   | Place    | Note
-------+----------+-------------------------------------------
     0 | D:1      | Borgoz the Ghoul Gladiator began the quest for the Orb.
     0 | D:1      | Reached XP level 1. HP: 17/17 MP: 0/0
    48 | D:1      | Reached XP level 2. HP: 8/24 MP: 1/1
   401 | D:1      | Reached skill level 1 in Armour
   502 | D:1      | Reached XP level 3. HP: 27/30 MP: 2/2
   904 | D:2      | Reached XP level 4. HP: 31/37 MP: 3/3
  1730 | D:3      | Found a faded altar of an unknown god.
  1997 | D:3      | Reached XP level 5. HP: 44/44 MP: 4/4
  2118 | D:3      | Noticed Robin
  2128 | D:3      | Killed Robin
  2833 | D:4      | Found a staircase to the Ecumenical Temple.
  2855 | Temple   | Entered the Ecumenical Temple
  2969 | Temple   | Became a worshipper of Makhleb the Destroyer
  3013 | D:4      | HP: 2/45 [orc/+0 falchion (1)]
  3014 | D:4      | Slain by an orc

Illustrated notes

Levels and vault maps discovered:
D:1:      scummos_arrival_hexagon, layout_basic
D:2:      layout_rooms
D:3:      layout_loops_corners, serial_co_window_serial, co_window_paths_a,
          co_window_of_opportunity_a, co_window_corner_a, co_window_paths_b,
          co_window_paths_b, co_window_broadway_a, co_window_broadway_a,
          co_window_of_opportunity_b, co_window_corner_cb, co_window_cross_2,
          co_window_2corner, co_window_unsneaky_path_e, co_window_paths_d,
          glass_columns_b, glass_columns_b,
          chequers_ecumenical_altar_simple_redux, uniq_robin
D:4:      layout_cave_pools, minmay_temple_entry_drinking_statues, serial_shops,
          kennysheep_mini
Temple:   grunt_wide_crystal_templ

Skill      XL: |  1  2  3  4  5 |
---------------+----------------+-----
Long Blades    | 3 |  3.9
Armour         | 1 2 |  2.3
Dodging        | 3 |  3.6
Fighting       | 3 |  3.0
Throwing       | |  1.7

Action                   |  1- 3 |  4- 6 || total
-------------------------+-------+-------++-------
Melee: Long sword        |    98 |   155 ||   253
  Use: Potion            |       |     1 ||     1
Armor: Leather armour    |    24 |       ||    24
       Ring mail         |     7 |    91 ||    98
Dodge: Dodged            |    80 |   159 ||   239
       Rpst.: Long sword |    28 |    54 ||    82
